 Dungeon Crawl Stone Soup version 0.16.1 (webtiles) character file.

5546 Fluffy the Cleaver (level 10, 0/90 HPs)
             Began as a Hill Orc Fighter on Mar 23, 2015.
             Was a Priest of Qazlal.
             Slain by a killer bee (11 damage)
             ... on level 9 of the Dungeon.
             The game lasted 00:27:05 (9042 turns).

Fluffy the Cleaver (Hill Orc Fighter)               Turns: 9042, Time: 00:27:05

Health: 0/90       AC: 17    Str: 28    XL:     10   Next: 71%
Magic:  14/21      EV:  9    Int:  8    God:    Qazlal [***...]
Gold:   347        SH: 14    Dex: 10    Spells: 0 memorised, 9 levels left

rFire  . . .     SeeInvis .     a - +1 war axe (curse)
rCold  + . .     Clarity  .     K - +0 plate armour
rNeg   + . .     SustAb   .     y - +1 shield {rC+}
rPois  .         Gourm    .     A - +1 helmet (curse)
rElec  .         Spirit   .     (no cloak)
rCorr  .         Warding  .     (no gloves)
rMut   .         Stasis   .     q - +0 pair of boots
MR     .....                    i - amulet of regeneration
Stlth  ..........               C - +4 ring of evasion (curse)
                                H - ring of positive energy

@: mighty, not resistant to hostile enchantments, extremely unstealthy
A: no striking features
a: Upheaval, Elemental Force, Renounce Religion


You were on level 9 of the Dungeon.
You worshipped Qazlal.
Qazlal was most pleased with you.
You were near starving.

You visited 2 branches of the dungeon, and saw 10 of its levels.
You also visited: Ossuary.

You collected 347 gold pieces.

Inventory:

Hand weapons
 a - a cursed +1 war axe (weapon)
Armour
 q - a +0 pair of boots (worn)
 y - a +1 shield of cold resistance (worn)
 A - a cursed +1 helmet (worn)
 K - a +0 plate armour (worn)
Rods
 x - a +1 rod of shadows (11/11)
   (You found it on level 3 of the Dungeon)
Jewellery
 i - an amulet of regeneration (around neck)
 n - a cursed ring of sustain abilities
 o - an uncursed amulet of rage {unknown}
 p - an uncursed ring of magical power
 C - a cursed +4 ring of evasion (right hand)
 D - a cursed +2 ring of protection
 H - a ring of positive energy (left hand)
Magical devices
 c - a wand of flame (27)
Scrolls
 f - a scroll of teleportation
 g - 9 scrolls of remove curse
 l - 3 scrolls of enchant armour
 t - a scroll of recharging
 J - 2 scrolls of blinking
Potions
 e - 3 potions of might
 j - 2 potions of haste
 m - a potion of cure mutation
 s - 2 potions of invisibility
 v - a potion of cancellation {unknown}
 w - 7 potions of curing
 z - a potion of brilliance {unknown}
 B - 3 potions of agility {unknown}
 E - a potion of lignification {unknown}
 G - 2 potions of magic {unknown}
Comestibles
 b - a beef jerky
 d - 5 meat rations
 h - 7 bread rations
 k - a slice of pizza
 F - 3 royal jellies


   Skills:
 + Level 8.6 Fighting
 + Level 13.8 Axes
 + Level 8.0 Armour
 - Level 3.2 Shields
 + Level 8.2 Invocations


You had 9 spell levels left.
You didn't know any spells.

Dungeon Overview and Level Annotations

Branches:
Dungeon (9/15)             Temple (1/1) D:5            Lair (0/8) D:9
    Orc: D:9-12

Altars:
Ashenzari
Cheibriados
Dithmenos
Elyvilon
Fedhas
Gozag
Kikubaaqudgha
Makhleb
Nemelex Xobeh
Okawaru
Qazlal
Ru
Sif Muna
Trog
Vehumet
Xom
Yredelemnul
Zin
The Shining One

Shops:
D:7 [:


Message History

Okay, then.
Drink which item? (? for menu, Esc to quit)
It was a potion of curing.
You feel better. The killer bee stings you.
* * * LOW HITPOINT WARNING * * *
You block the killer bee's attack. The killer bee closely misses you.
You miss the killer bee.
The killer bee is moderately wounded.
The killer bee stings you but does no damage.
You block the killer bee's attack.
You barely miss the killer bee.
The killer bee is moderately wounded.
You block the killer bee's attack.
The killer bee stings you but does no damage.
The killer bee stings you!
* * * LOW HITPOINT WARNING * * *
You are lethally poisoned!
The killer bee poisons you!
Drink which item? (? for menu, Esc to quit)
You feel better. You block the killer bee's attack. The killer bee stings you!
You die...

..# #.# #.# #.# #. #.#
#. ###.# #. #...###.#
#.######.......#.#
######.....@yy........#
#........####...#######
#........# #...#
#........# #...#
#........# #####
##......## #......#
#[.....#
#......####.#..


You could see 2 killer bees.

Vanquished Creatures
  A troll (D:9)
  A queen bee (D:9)
  A spriggan (D:7)
  A hippogriff (D:6)
  A hungry ghost (D:8)
  3 orc warriors
  An eye of draining (D:8)
  A black bear (D:7)
  2 ice beasts
  2 sky beasts
  A necrophage (D:8)
  2 phantoms
  4 ogres
  A big kobold (D:8)
  3 centaurs
  A giant frog (D:6)
  24 killer bees
  A goliath beetle (D:6)
  3 crimson imps
  2 wasp zombies (Ossuary)
  14 bog bodies (Ossuary)
  A giant frog zombie (Ossuary)
  5 jellies
  2 orc priests (D:8)
  An iguana (D:7)
  5 worker ants
  9 hounds
  An orc wizard (D:6)
  Ijyb (D:3)
  A hound zombie (Ossuary)
  5 mummies (Ossuary)
  4 worker ant zombies (Ossuary)
  Robin (D:3)
  4 gnolls
  13 adders
  3 shadow imps
  4 worms
  2 adder skeletons
  An adder zombie (Ossuary)
  8 giant geckos
  3 oozes
  12 orcs
  13 bats
  2 bat zombies (Ossuary)
  11 giant cockroaches
  15 hobgoblins
  13 jackals
  26 kobolds
  2 ball pythons
  3 giant newts
  4 giant spores
  18 goblins
  A jackal zombie (D:5)
  3 quokkas
  15 rats
  8 ballistomycetes
290 creatures vanquished.

Vanquished Creatures (others)
  A giant frog skeleton (D:8)
  A giant spore (D:6)
  2 plants (Ossuary)
4 creatures vanquished.

Grand Total: 294 creatures vanquished

Notes
Turn   | Place    | Note
--------------------------------------------------------------
     0 | D:1      | Fluffy, the Hill Orc Fighter, began the quest for the Orb.
     0 | D:1      | Reached XP level 1. HP: 19/19 MP: 1/1
     6 | D:1      | Noticed a killer bee
     6 | D:1      | Noticed a swamp drake
     6 | D:1      | Noticed a salamander
    69 | D:1      | Reached XP level 2. HP: 26/26 MP: 2/2
   108 | D:1      | Reached skill level 4 in Axes
   509 | D:1      | Reached XP level 3. HP: 27/31 MP: 3/3
  1059 | D:2      | Reached skill level 5 in Axes
  1381 | D:2      | Reached XP level 4. HP: 25/39 MP: 4/4
  1631 | D:2      | Found a snail-covered altar of Cheibriados.
  1726 | D:2      | Reached skill level 6 in Axes
  2050 | D:2      | Reached XP level 5. HP: 38/45 MP: 5/5
  2142 | D:3      | Reached skill level 7 in Axes
  2171 | D:3      | Noticed Ijyb
  2188 | D:3      | Killed Ijyb
  2191 | D:3      | Found a burning altar of Makhleb.
  2191 | D:3      | Noticed a cacodemon
  2231 | D:3      | Identified a +0 rod of shadows (10/10) (You found it on level 3 of the Dungeon)
  2296 | D:3      | Noticed Robin
  2322 | D:3      | Killed Robin
  2339 | D:3      | Found a deep blue altar of Sif Muna.
  2342 | D:3      | Found a glowing silver altar of Zin.
  2345 | D:3      | Found a burning altar of Makhleb.
  2353 | D:3      | Found a bloodstained altar of Trog.
  2691 | D:4      | Reached skill level 8 in Axes
  2691 | D:4      | Reached XP level 6. HP: 44/51 MP: 6/6
  2731 | D:4      | Noticed an ogre
  2738 | D:4      | Killed an ogre
  2874 | D:4      | Reached skill level 9 in Axes
  3117 | D:4      | Noticed a centaur
  3120 | D:4      | Killed a centaur
  3120 | D:4      | Reached XP level 7. HP: 48/57 MP: 7/7
  3168 | D:4      | Found a blossoming altar of Fedhas.
  3171 | D:4      | Found an opulent altar of Gozag.
  3235 | D:4      | Noticed an ogre
  3243 | D:4      | Killed an ogre
  3243 | D:4      | Reached skill level 10 in Axes
  3850 | D:5      | Entered Level 5 of the Dungeon
  4110 | D:5      | Found a staircase to the Ecumenical Temple.
  4117 | D:5      | Reached skill level 11 in Axes
  4264 | Temple   | Entered the Ecumenical Temple
  4327 | Temple   | Became a worshipper of Qazlal Stormbringer
  4440 | D:5      | Reached skill level 1 in Invocations
  4440 | D:5      | Reached XP level 8. HP: 54/66 MP: 7/9
  4612 | D:6      | Found a sand-covered staircase.
  4627 | Ossuary  | Entered an ossuary
  4902 | Ossuary  | Acquired Qazlal's first power
  5022 | Ossuary  | Reached skill level 5 in Fighting
  5394 | Ossuary  | Reached skill level 12 in Axes
  5446 | Ossuary  | Reached skill level 5 in Armour
  5576 | D:6      | Reached XP level 9. HP: 62/74 MP: 15/15
  5949 | D:6      | Reached skill level 5 in Invocations
  6484 | D:6      | Acquired Qazlal's second power
  7018 | D:7      | Found Lucziuc's Armour Shoppe.
  7376 | D:7      | Found Xonair's Book Shoppe.
  7782 | D:8      | Reached XP level 10. HP: 80/86 MP: 18/20
  7799 | D:8      | Reached skill level 13 in Axes
  8075 | D:8      | Acquired Qazlal's third power
  8840 | D:9      | Found a staircase to the Lair.
  9041 | D:9      | HP: 1/90 [killer bee (12)]
  9042 | D:9      | Slain by a killer bee

Action                   |  1- 3 |  4- 6 |  7- 9 | 10-12 || total
-------------------------+-------+-------+-------+-------++-------
Melee: War axe           |   113 |   217 |   536 |   288 ||  1154
Invok: Upheaval          |       |       |       |     2 ||     2
Evoke: Wand              |       |       |     3 |       ||     3
  Use: Scroll            |       |       |    16 |       ||    16
       Potion            |       |       |       |     3 ||     3
 Stab: Confused          |       |       |     1 |       ||     1
  Eat: Chunk             |     1 |     7 |    13 |     4 ||    25
       Fruit             |       |       |     1 |       ||     1
       Beef jerky        |       |       |     1 |       ||     1
